Map: Frost LE

Players

uThermal

  • Race: Terran Terran

viOLet - Winner!

  • Race: Zerg Zerg

Event: IEM Season 11 - Shanghai

VOD

https://www.youtube.com/watch?v=spdEMKe7EPM

Description

Time

  • Played on: July 29, 2016, 11:01 a.m.
  • Length: 18:25

All games in this series

Show
View Real Time Build Order
Export as new Build Order

uThermal Terran 

Build Orders: Reaper Expand, Bio Tank 

Get SALT Encoding   

  12  0:02  SCV  
  13  0:14  SCV  
  14  0:17  Supply Depot  
  14  0:26  SCV  
  15  0:38  SCV  
  15  0:40  Barracks  
  16  0:44  Refinery  
  16  0:50  SCV  
  17  1:02  SCV  
  18  1:15  SCV  
  19  1:27  Reaper, Orbital Command  
  20  1:41  Command Center  
  20  1:53  SCV  
  21  1:58  Barracks  
  21  2:00  Barracks Reactor  
  21  2:05  SCV  
  22  2:10  Supply Depot  
  22  2:14  Refinery  
  22  2:17  SCV  
  23  2:27  Factory  
  23  2:31  SCV  
  23  2:36  Marine x2  
  26  2:43  SCV  
  27  2:46  Barracks Tech Lab  
  27  2:53  Orbital Command  
  27  2:55  Marine x2  
  27  2:58  SCV  
  30  3:07  Stimpack  
  30  3:10  Marine, SCV  
  32  3:18  Starport  
  32  3:20  Factory Reactor  
  32  3:23  SCV  
  32  3:26  SCV  
  34  3:27  Marine  
  35  3:35  SCV  
  35  3:36  Marine x2  
  35  3:40  SCV  
  39  3:42  Supply Depot  
  39  3:48  SCV  
  40  3:49  Marine  
  40  3:53  Supply Depot  
  40  3:54  Marine  
  40  3:55  SCV  
  43  4:02  SCV  
  44  4:03  Factory Tech Lab  
  44  4:04  Medivac x2  
  44  4:06  Supply Depot  
  44  4:07  Marine  
  44  4:09  Marine  
  50  4:11  Marine  
  51  4:18  SCV x2  
  51  4:21  Refinery  
  53  4:25  Marine  
  53  4:29  Siege Tank  
  53  4:30  Supply Depot, SCV  
  58  4:31  Marine  
  58  4:35  Marine  
  59  4:38  Supply Depot  
  59  4:43  Marine, SCV  
  61  4:48  Supply Depot  
  61  4:49  Marine  
  61  4:50  SCV  
  63  4:53  Marine  
  63  4:56  SCV  
  65  5:01  Marine  
  65  5:02  SCV  
  65  5:04  Siege Tank  
  70  5:07  Marine  
  70  5:08  Combat Shields, SCV  
  70  5:12  Supply Depot  
  73  5:14  SCV  
  73  5:18  Marine  
  73  5:20  SCV  
  75  5:24  Marine  
  75  5:25  Marine  
  75  5:26  SCV  
  75  5:27  Supply Depot  
  78  5:32  SCV  
  79  5:36  Marine  
  79  5:38  SCV  
  79  5:40  Command Center  
  81  5:44  SCV  
  81  5:49  Engineering Bay x2, Marine  
  83  5:51  Refinery  
  83  5:52  Marine  
  83  5:54  Marine  
  85  6:03  SCV  
  85  6:04  Barracks, Medivac  
  86  6:06  Medivac  
  86  6:07  SCV  
  91  6:15  Marine  
  91  6:16  SCV  
  93  6:19  SCV  
  93  6:24  Marine  
  89  6:25  Terran Infantry Weapons Level 1  
  89  6:26  Terran Infantry Armor Level 1  
  89  6:28  SCV  
  89  6:31  SCV  
  80  6:40  SCV  
  80  6:43  SCV  
  80  6:44  Marine x3  
  80  6:48  Siege Tank  
  80  6:51  Medivac x2  
  87  6:54  Barracks  
  87  6:55  Barracks  
  87  7:00  Barracks Reactor  
  87  7:01  Marine  
  87  7:02  Marine  
  87  7:03  SCV x2  
  87  7:04  Armory  
  87  7:06  Marine  
  92  7:18  SCV  
  92  7:19  Marine x2  
  92  7:20  Siege Tank  
  92  7:21  Medivac  
  100  7:23  Marine  
  100  7:27  SCV  
  102  7:34  SCV  
  100  7:38  Marine x2  
  100  7:39  SCV  
  100  7:41  Marine  
  100  7:42  Barracks Reactor  
  100  7:43  Barracks Reactor  
  104  7:44  Factory  
  104  7:46  SCV  
  104  7:51  Marine x2, SCV  
  105  7:54  Missile Turret  
  105  7:55  Siege Tank  
  105  7:56  Marine x2  
  113  7:59  Missile Turret  
  113  8:02  Marine  
  114  8:05  Supply Depot  
  114  8:13  Marine  
  114  8:16  Orbital Command  
  114  8:19  Marine x3  
  118  8:20  Medivac  
  118  8:23  Supply Depot  
  118  8:24  Supply Depot  
  118  8:26  Marine  
  121  8:29  Marine x2  
  123  8:35  Factory Tech Lab, Siege Tank  
  123  8:36  Marine  
  123  8:37  Marine  
  123  8:38  Refinery x2  
  123  8:40  Marine  
  129  8:42  Medivac  
  129  8:45  Supply Depot  
  129  8:46  Supply Depot, Marine x2  
  133  8:51  Medivac  
  133  8:52  Marine x2  
  137  9:00  Marine x2  
  137  9:02  Marine  
  138  9:03  Marine x2  
  138  9:04  Siege Tank  
  138  9:07  Marine  
  138  9:08  Marine  
  140  9:12  Siege Tank  
  140  9:13  Marine x2  
  141  9:17  Orbital Command  
  141  9:18  Marine x2  
  141  9:20  Marine  
  141  9:21  Marine  
  141  9:23  Marine  
  139  9:25  Marine  
  139  9:26  Marine  
  139  9:31  Marine  
  132  9:36  Marine x2, Siege Tank  
  132  9:38  Marine  
  138  9:46  Missile Turret, Marine  
  138  9:49  Marine  
  138  9:50  Marine x3  
  138  9:51  Terran Infantry Weapons Level 2, Terran Infantry Armor Level 2  
  143  9:53  Siege Tank  
  143  9:54  Marine  
  143  9:55  Marine  
  143  9:57  Supply Depot  
  146  10:02  Marine x2  
  133  10:14  Marine x2  
  133  10:17  Marine  
  133  10:20  Siege Tank, SCV x2  
  133  10:21  Missile Turret  
  141  10:23  Supply Depot, Marine, SCV  
  141  10:24  Marine  
  141  10:25  Marine  
  145  10:30  Siege Tank  
  145  10:34  Marine x2  
  149  10:36  Supply Depot  
  149  10:42  Supply Depot, Marine  
  149  10:46  Marine  
  150  10:52  Marine x2  
  150  10:54  Command Center  
  150  10:56  Siege Tank  
  155  11:03  Marine x2  
  157  11:04  Ghost Academy  
  157  11:08  Marine  
  156  11:11  Marine  
  156  11:12  Marine x3  
  156  11:13  Marine  
  156  11:15  Marine, Siege Tank  
  163  11:25  Marine x2  
  165  11:27  Marine  
  165  11:31  Medivac  
  167  11:39  Marine  
  145  11:42  Marine x2  
  145  11:43  Siege Tank  
  145  11:46  Marine  
  149  11:47  Siege Tank  
  145  11:54  Marine x3  
  145  11:57  Marine x2  
  134  12:14  Barracks  
  134  12:15  Siege Tank  
  136  12:16  Marine x2  
  136  12:17  Barracks  
  136  12:19  Marine  
  142  12:27  Marine x2  
  141  12:34  Marine x2, Sensor Tower  
  141  12:35  Barracks Tech Lab  
  141  12:36  Barracks Tech Lab  
  134  12:37  Marine  
  134  12:45  Marine x2  
  134  12:48  Siege Tank x2  
  134  12:49  Supply Depot  
  134  12:50  Medivac x2  
  145  12:52  Marine x2  
  147  13:00  Ghost  
  147  13:03  Ghost  
  147  13:05  Planetary Fortress  
  147  13:08  Marine  
  146  13:14  Marine, Marauder  
  146  13:15  Supply Depot x2  
  149  13:29  Ghost  
  149  13:31  Ghost  
  149  13:32  Marine  
  154  13:35  Marine, Ghost  
  154  13:42  Siege Tank  
  154  13:44  Marine  
  154  13:45  Marine  
  154  13:46  Marine  
  153  13:48  Marine  
  153  13:51  Marine  
  153  13:54  Marine  
  156  13:58  Marauder  
  156  14:01  Marauder  
  156  14:02  Marine  
  159  14:04  Marine, Marauder  
  162  14:10  Marine  
  162  14:11  Concussive Shells  
  162  14:13  Terran Infantry Weapons Level 3  
  163  14:18  Marine, Refinery x2  
  163  14:20  Marauder  
  163  14:21  Marine, Ghost  
  163  14:22  Marine  
  170  14:26  Marauder  
  170  14:28  Marine  
  170  14:31  Marine  
  173  14:33  Marine  
  173  14:37  Marine  
  175  14:41  Marauder  
  176  14:47  Marauder  
  176  14:51  Marine, Marauder  
  176  14:57  Command Center, Marine  
  176  14:58  Marine  
  175  15:03  Marauder  
  154  15:08  Marauder  
  154  15:12  Marauder  
  119  15:26  Marine  
  119  15:27  Marauder  
  112  15:29  Marine  
  112  15:30  Marauder  
  112  15:32  Marine  
  112  15:33  Marauder  
  112  15:35  Marine  
  110  15:37  Orbital Command  
  111  15:44  Marine  
  111  16:00  Marine  
  112  16:08  Marine  
  113  16:13  Marine  
  113  16:17  Marine  
  115  16:26  Marine x2  
  115  16:29  Marine  
  115  16:32  Marine  
  118  16:44  Marine  
  118  16:45  Marine, Marauder x2  
  113  16:48  Marine, Marauder  
  113  16:51  Marine  
  117  16:59  Marine x2  
  119  17:02  Marine  
  119  17:03  Supply Depot, Marine  
  119  17:04  Supply Depot  
  119  17:06  Marauder  
  123  17:11  Marine, Marauder  
  91  17:39  Marine  
  91  17:40  Marauder  
  74  17:46  Marauder  
  74  17:47  Orbital Command  
  74  17:48  Marine x3, Marauder  
  74  18:01  Marauder  
  74  18:02  Marine x2  
  74  18:05  Marine  
Show
View Real Time Build Order
Export as new Build Order

viOLet Zerg - Winner!

Build Orders: Hatch First 

Get SALT Encoding   

  12  0:00  Drone  
  13  0:12  Overlord  
  13  0:16  Drone  
  14  0:31  Drone x2  
  16  0:35  Drone  
  17  0:53  Hatchery  
  16  0:58  Drone  
  16  1:00  Drone  
  18  1:11  Extractor  
  18  1:15  Drone  
  18  1:20  Spawning Pool  
  18  1:23  Drone  
  18  1:29  Drone  
  19  1:41  Overlord  
  19  1:50  Drone  
  20  2:06  Queen x2  
  20  2:07  Zergling x4  
  26  2:12  Metabolic Boost  
  26  2:18  Drone  
  26  2:19  Drone  
  28  2:26  Drone  
  29  2:30  Overlord  
  29  2:33  Drone  
  30  2:39  Zergling x2  
  30  2:42  Queen  
  33  2:47  Queen  
  35  2:52  Drone  
  36  3:04  Drone x2  
  36  3:05  Overlord  
  38  3:13  Drone x2  
  38  3:14  Drone x3  
  38  3:15  Drone  
  44  3:24  Drone x3  
  47  3:40  Drone  
  47  3:41  Drone  
  49  3:42  Hatchery, Drone  
  49  3:43  Drone  
  50  3:52  Drone x2  
  50  3:53  Overlord  
  50  3:55  Lair  
  52  3:56  Extractor  
  52  3:59  Drone  
  52  4:00  Overlord  
  52  4:01  Extractor  
  51  4:03  Drone  
  51  4:06  Evolution Chamber  
  51  4:11  Drone x2  
  53  4:17  Drone  
  53  4:18  Drone, Roach Warren  
  53  4:22  Drone  
  53  4:23  Drone x2  
  57  4:27  Drone  
  58  4:34  Zerg Ground Armor Level 1  
  58  4:40  Drone x5  
  58  4:41  Spore Crawler  
  58  4:42  Overlord  
  62  4:46  Overlord  
  62  4:57  Glial Reconstitution  
  62  4:59  Roach x3  
  68  5:03  Roach x3  
  72  5:12  Roach x2  
  76  5:19  Roach x2  
  76  5:20  Roach  
  82  5:27  Overlord x2  
  82  5:34  Overlord  
  82  5:44  Overlord  
  82  5:46  Roach x5  
  92  5:51  Overlord, Roach  
  92  5:54  Roach  
  96  6:01  Roach x2  
  96  6:02  Roach  
  102  6:05  Roach x4  
  102  6:06  Overlord  
  110  6:12  Drone x2  
  111  6:19  Roach, Zergling x2  
  111  6:24  Zergling x2  
  111  6:25  Zergling x6  
  110  6:33  Zergling x2  
  110  6:39  Drone x4  
  97  6:42  Zerg Ground Armor Level 2  
  97  6:43  Drone  
  97  6:44  Evolution Chamber, Drone x2  
  89  6:49  Drone x3  
  89  6:50  Drone x2  
  94  6:55  Drone x2  
  96  7:05  Drone  
  96  7:06  Drone, Extractor  
  96  7:07  Drone x3  
  96  7:08  Drone  
  101  7:10  Extractor x2, Roach x3  
  105  7:17  Roach  
  105  7:18  Roach x2  
  105  7:19  Ravager x3  
  113  7:26  Spore Crawler  
  113  7:28  Roach x2  
  116  7:34  Roach  
  116  7:35  Roach  
  117  7:37  Roach  
  117  7:40  Roach, Spore Crawler, Zergling x10  
  117  7:41  Zergling x4  
  127  7:45  Zerg Melee Weapons Level 1  
  127  7:49  Overlord x3  
  127  7:50  Overlord  
  127  8:08  Roach  
  127  8:09  Roach x4  
  127  8:12  Hatchery, Infestation Pit  
  135  8:13  Zergling x2  
  135  8:14  Zergling x6  
  135  8:15  Ravager x4  
  135  8:16  Zergling x8  
  147  8:23  Zergling x2  
  147  8:24  Zergling x6  
  151  8:30  Overlord x2  
  151  8:37  Drone  
  151  8:38  Drone  
  153  8:50  Roach  
  153  8:51  Roach x3  
  161  8:56  Overlord  
  161  8:58  Zergling x2  
  161  9:02  Zergling x4  
  151  9:03  Roach x2  
  151  9:05  Roach  
  151  9:07  Roach x2  
  151  9:10  Roach x2  
  151  9:11  Roach x3  
  150  9:17  Roach  
  147  9:34  Hive  
  147  9:36  Hatchery  
  147  9:38  Drone x6, Queen  
  154  9:52  Pathogen Glands  
  154  9:53  Roach  
  154  9:54  Roach  
  154  9:57  Zergling x2  
  154  10:05  Roach x2  
  154  10:06  Zergling x8  
  137  10:12  Zergling x2  
  137  10:13  Zergling x14  
  141  10:20  Overseer x2  
  141  10:23  Ravager  
  141  10:24  Ravager x3  
  145  10:32  Infestor x3  
  145  10:35  Zergling x8  
  155  10:42  Overlord  
  155  10:43  Overlord  
  155  10:45  Zerg Melee Weapons Level 2  
  155  10:56  Ultralisk Cavern  
  154  11:02  Ravager x2  
  155  11:16  Zergling x10  
  155  11:17  Zergling x30  
  175  11:27  Zerg Ground Armor Level 3  
  168  11:37  Zergling x2  
  168  11:38  Zergling x14  
  163  11:45  Zergling x2  
  163  11:46  Chitinous Plating, Zergling x8  
  160  11:52  Zergling x4  
  160  11:53  Zergling x18  
  164  12:04  Zergling x8  
  160  12:09  Queen  
  162  12:18  Ultralisk x2  
  174  12:46  Ravager x2  
  174  12:47  Overlord  
  174  12:48  Overlord x2  
  174  12:49  Ultralisk  
  177  13:07  Ultralisk x3  
  194  13:13  Extractor, Spore Crawler  
  194  13:14  Extractor  
  194  13:15  Drone x4, Spine Crawler  
  194  13:16  Drone, Spine Crawler  
  176  13:42  Spine Crawler  
  176  13:43  Spine Crawler  
  176  13:44  Ultralisk x2  
  185  14:13  Zergling x2  
  185  14:14  Zergling x18  
  195  14:20  Hatchery  
  194  14:25  Zerg Melee Weapons Level 3  
  162  14:52  Zergling x2  
  162  14:53  Zergling x22  
  162  14:59  Ultralisk x2  
  162  15:10  Ultralisk  
  146  15:15  Ultralisk  
  146  15:16  Zergling x4  
  115  15:29  Roach, Infestor x2  
  115  15:35  Infestor x3  
  118  15:43  Infestor x2  
  122  15:57  Ultralisk  
  122  15:58  Zergling x6  
  119  16:26  Hatchery  
  119  16:27  Ultralisk x2  
  119  16:29  Zergling x6  
  126  16:46  Drone  
  126  16:47  Drone x2  
  126  16:58  Burrow  
  126  17:13  Ultralisk  
  126  17:14  Ultralisk  
  108  17:38  Ultralisk  
  108  17:39  Zergling x8  
  108  17:41  Zergling x8  
  108  17:42  Zergling x8  
  108  17:43  Zergling x2  
  127  17:50  Zergling x4  
  111  18:03  Zergling x6  

Tags
 
Add a new tag
Caveats
  • Supply blocks, unpowered buildings, or Contaminate may cause inaccurate times.
  • Supply counts are checked every 10 seconds.